MLB
MIAMI MARLINS @ SAN FRANCISCO GIANTS
08/11/2044
 
TOP OF THE 1ST
Miami Marlins batting - Pitching for San Francisco Giants : RHP Casey Jones
Pitching: RHP Casey Jones
Batting: RHB Jeff Garofalo 0-0: Called Strike
0-1: Ball
1-1: Swinging Strike
1-2: Ball
2-2: Foul Ball, location: 2F
2-2: Ball
3-2: Foul Ball, location: 2F
3-2: Fly out, F7 (Flyball, 7LD, EV 79.4 MPH)
Batting: RHB Roger Salazar 0-0: Ball
1-0: Ground out 1-3 (Groundball, 13S, EV 71.9 MPH)
Batting: RHB Justin Huff 0-0: Called Strike
0-1: Ball
1-1: Ball
2-1: Fly out, F9 (Flyball, 89S, EV 83.1 MPH)
Top of the 1st over - 0 runs, 0 hits, 0 errors, 0 left on base; Miami 0 - San Francisco 0
BOTTOM OF THE 1ST
San Francisco Giants batting - Pitching for Miami Marlins : RHP Ray Duncan
Pitching: RHP Ray Duncan
Batting: SHB Ryan Doss 0-0: Ball
1-0: SOLO HOME RUN (Flyball, 9LD, EV 97.5 MPH), Distance : 343 ft
Batting: RHB Nick Rigden 0-0: Foul Ball, location: 2F
0-1: Ball
1-1: Foul Ball, location: 2F
1-2: Strikes out swinging
Batting: LHB Jack Henningar 0-0: Ball
1-0: Foul Ball, location: 2F
1-1: Ball
2-1: Ball
3-1: Base on Balls
Batting: LHB Willis Robles 0-0: Called Strike
0-1: Called Strike
0-2: Ball
Jack Henningar steals 2nd base
1-2: 2-RUN HOME RUN (Flyball, 9D, EV 99.4 MPH), Distance : 371 ft
Batting: RHB Kanehisa Kubo 0-0: Ball
1-0: Ball
2-0: Ball
3-0: Called Strike
3-1: Base on Balls
Batting: RHB Nate Hodson 0-0: Called Strike
0-1: Grounds into double play, 6-4-3 (Groundball, 6, EV 105.6 MPH)
Bottom of the 1st over - 3 runs, 2 hits, 0 errors, 0 left on base; Miami 0 - San Francisco 3
TOP OF THE 2ND
Miami Marlins batting - Pitching for San Francisco Giants : RHP Casey Jones
Batting: LHB Mike Kara 0-0: Ball
1-0: Foul Ball, location: 2F
1-1: Ball
2-1: Ball
3-1: Fly out, F6 (Line Drive, 6, EV 62.5 MPH)
Batting: RHB Seth Tramontano 0-0: Ball
1-0: Called Strike
1-1: Ball
2-1: Ball
3-1: Foul Ball, location: 2F
3-2: Fly out, F8 (Flyball, 8LS, EV 74.4 MPH)
Batting: RHB Josh Crenwelge 0-0: Swinging Strike
0-1: Ball
1-1: Foul Ball, location: 2F
1-2: Strikes out swinging
Top of the 2nd over - 0 runs, 0 hits, 0 errors, 0 left on base; Miami 0 - San Francisco 3
BOTTOM OF THE 2ND
San Francisco Giants batting - Pitching for Miami Marlins : RHP Ray Duncan
Batting: RHB Bobby Scholl 0-0: Swinging Strike
0-1: Foul Ball, location: 2F
0-2: Ball
1-2: Foul Ball, location: 2F
1-2: SINGLE (Line Drive, 34D, EV 99.4 MPH)
Batting: RHB Itsuo Egami 0-0: Called Strike
0-1: Ball
1-1: Fly out, F7 (Flyball, 7D, EV 90.0 MPH)
Batting: LHB Ryan Braden 0-0: Ball
1-0: Swinging Strike
1-1: Grounds into double play, 4-6-3 (Groundball, 34, EV 85.0 MPH)
Bottom of the 2nd over - 0 runs, 1 hit, 0 errors, 0 left on base; Miami 0 - San Francisco 3
TOP OF THE 3RD
Miami Marlins batting - Pitching for San Francisco Giants : RHP Casey Jones
Batting: RHB Tommy Hughes 0-0: Called Strike
0-1: SINGLE (Groundball, 56D, EV 98.8 MPH)
Batting: LHB Luis Aguilar 0-0: Ball
1-0: Fielders Choice at 2nd, 1-6 (Groundball, 13S, EV 68.8 MPH)
Batting: RHB Eric Jordan 0-0: Called Strike
0-1: Called Strike
0-2: Strikes out swinging
Batting: RHB Jeff Garofalo 0-0: Ball
1-0: SINGLE (Line Drive, 5D, EV 98.1 MPH)
Luis Aguilar to second
Runner from 2nd tries for 3rd, SAFE, throw by LF made to third
Batting: RHB Roger Salazar 0-0: Ball
1-0: Ball
2-0: Ball
3-0: Called Strike
3-1: Fly out, F4 (Popup, 4D, EV 59.4 MPH)
Top of the 3rd over - 0 runs, 2 hits, 0 errors, 2 left on base; Miami 0 - San Francisco 3
BOTTOM OF THE 3RD
San Francisco Giants batting - Pitching for Miami Marlins : RHP Ray Duncan
Batting: SHB Ryan Doss 0-0: Ground out 4-3 (Groundball, 34D, EV 94.4 MPH)
Batting: RHB Nick Rigden 0-0: Ball
1-0: Ball
2-0: Swinging Strike
2-1: Ball
3-1: Base on Balls
Batting: LHB Jack Henningar 0-0: Ball
1-0: Foul Ball, location: 2F
1-1: Ball
2-1: Ball
3-1: Foul Ball, location: 2F
3-2: Foul Ball, location: 2F
3-2: Base on Balls
Nick Rigden to second
Batting: LHB Willis Robles 0-0: Ball
1-0: Called Strike
1-1: Swinging Strike
1-2: Foul Ball, location: 2F
1-2: SINGLE (Groundball, 4MD, EV 93.8 MPH)
Nick Rigden to third
Jack Henningar to second
Runner from 3rd tries for Home, SAFE, throw by CF to home
Batting: RHB Kanehisa Kubo 0-0: Fly out, F3 (Line Drive, 3, EV 66.2 MPH)
Batting: RHB Nate Hodson 0-0: Ball
1-0: Swinging Strike
1-1: Ball
2-1: Called Strike
2-2: Foul Ball, location: 2F
2-2: Strikes out swinging
Bottom of the 3rd over - 1 run, 1 hit, 0 errors, 2 left on base; Miami 0 - San Francisco 4
TOP OF THE 4TH
Miami Marlins batting - Pitching for San Francisco Giants : RHP Casey Jones
Batting: RHB Justin Huff 0-0: Foul Ball, location: 2F
0-1: Ball
1-1: Swinging Strike
1-2: Ball
2-2: Ball
3-2: Ground out U3 (Groundball, 3, EV 87.5 MPH)
Batting: LHB Mike Kara 0-0: Ball
1-0: Ball
2-0: Foul Ball, location: 2F
2-1: Ball
3-1: Swinging Strike
3-2: Fly out, F8 (Line Drive, 8RS, EV 93.1 MPH)
Batting: RHB Seth Tramontano 0-0: Ball
1-0: Fly out, F9 (Flyball, 9LM, EV 111.2 MPH)
Top of the 4th over - 0 runs, 0 hits, 0 errors, 0 left on base; Miami 0 - San Francisco 4
BOTTOM OF THE 4TH
San Francisco Giants batting - Pitching for Miami Marlins : RHP Ray Duncan
Batting: RHB Bobby Scholl 0-0: Called Strike
0-1: Foul Ball, location: 2F
0-2: Ball
1-2: Ball
2-2: Ground out 2-3 (Groundball, 15S, EV 76.2 MPH)
Batting: RHB Itsuo Egami 0-0: Foul Ball, location: 2F
0-1: Ground out 5-3 (Groundball, 56, EV 84.4 MPH)
Batting: LHB Ryan Braden 0-0: Ball
1-0: Foul Ball, location: 2F
1-1: Ground out U3 (Groundball, 3L, EV 109.4 MPH)
Bottom of the 4th over - 0 runs, 0 hits, 0 errors, 0 left on base; Miami 0 - San Francisco 4
TOP OF THE 5TH
Miami Marlins batting - Pitching for San Francisco Giants : RHP Casey Jones
Batting: RHB Josh Crenwelge 0-0: Ground out U3 (Groundball, 3L, EV 81.9 MPH)
Batting: RHB Tommy Hughes 0-0: Called Strike
0-1: Swinging Strike
0-2: Ball
1-2: Strikes out looking
Batting: LHB Luis Aguilar 0-0: Ball
1-0: Ball
2-0: Ball
3-0: Foul Ball, location: 2F
3-1: Called Strike
3-2: Foul Ball, location: 2F
3-2: SINGLE (Line Drive, 4D, EV 95.6 MPH)
Batting: RHB Eric Jordan 0-0: Ball
1-0: Fly out, F9 (Flyball, 9LS, EV 88.8 MPH)
Top of the 5th over - 0 runs, 1 hit, 0 errors, 1 left on base; Miami 0 - San Francisco 4
BOTTOM OF THE 5TH
San Francisco Giants batting - Pitching for Miami Marlins : RHP Ray Duncan
Batting: SHB Ryan Doss 0-0: Ground out 6-3 (Groundball, 6M, EV 85.0 MPH)
Batting: RHB Nick Rigden 0-0: Called Strike
0-1: Called Strike
0-2: Ground out 6-3 (Groundball, 6, EV 103.8 MPH)
Batting: LHB Jack Henningar 0-0: Ground out 5-3 (Groundball, 56, EV 97.5 MPH)
Bottom of the 5th over - 0 runs, 0 hits, 0 errors, 0 left on base; Miami 0 - San Francisco 4
TOP OF THE 6TH
Miami Marlins batting - Pitching for San Francisco Giants : RHP Casey Jones
Batting: RHB Jeff Garofalo 0-0: Ball
1-0: Called Strike
1-1: Foul Ball, location: 2F
1-2: Ball
2-2: Foul Ball, location: 2F
2-2: SINGLE (Line Drive, 34D, EV 93.8 MPH)
Batting: RHB Roger Salazar 0-0: Ball
1-0: Called Strike
1-1: Called Strike
1-2: Strikes out swinging
Batting: RHB Justin Huff 0-0: Ball
1-0: Called Strike
1-1: Called Strike
1-2: Foul Ball, location: 2F
1-2: Ball
2-2: Foul Ball, location: 2F
2-2: Ball
3-2: Base on Balls
Jeff Garofalo to second
Batting: LHB Mike Kara 0-0: Called Strike
0-1: Grounds into double play, 2-4-3 (Groundball, 2L, EV 69.4 MPH)
Top of the 6th over - 0 runs, 1 hit, 0 errors, 1 left on base; Miami 0 - San Francisco 4
BOTTOM OF THE 6TH
San Francisco Giants batting - Pitching for Miami Marlins : RHP Ray Duncan
Batting: LHB Willis Robles 0-0: Called Strike
0-1: SOLO HOME RUN (Flyball, 9LD, EV 90.6 MPH), Distance : 333 ft
Pitching: LHP Dan Tapley
Batting: RHB Kanehisa Kubo 0-0: Ball
1-0: SINGLE (Flyball, 7LM, EV 91.2 MPH)
Batting: RHB Nate Hodson 0-0: Ball
1-0: Foul Ball, location: 2F
1-1: Ball
2-1: Ball
3-1: Base on Balls
Kanehisa Kubo to second
Batting: RHB Bobby Scholl 0-0: Called Strike
0-1: Foul Ball, location: 2F
0-2: Ball
1-2: Grounds into double play, 4-6-3 (Groundball, 34, EV 107.5 MPH)
Kanehisa Kubo to third
Batting: RHB Itsuo Egami 0-0: Called Strike
0-1: Called Strike
0-2: Ground out 5-3 (Groundball, 5, EV 81.9 MPH)
Bottom of the 6th over - 1 run, 2 hits, 0 errors, 1 left on base; Miami 0 - San Francisco 5
TOP OF THE 7TH
Miami Marlins batting - Pitching for San Francisco Giants : RHP Casey Jones
Pitching: RHP Johnny Munoz
Batting: RHB Seth Tramontano 0-0: Foul Ball, location: 2F
0-1: Called Strike
0-2: Strikes out swinging
Batting: RHB Josh Crenwelge 0-0: Called Strike
0-1: Foul Ball, location: 2F
0-2: Fly out, F5 (Line Drive, 5, EV 67.5 MPH)
Batting: RHB Tommy Hughes 0-0: Ball
1-0: Fly out, F4 (Line Drive, 4, EV 73.1 MPH)
Top of the 7th over - 0 runs, 0 hits, 0 errors, 0 left on base; Miami 0 - San Francisco 5
BOTTOM OF THE 7TH
San Francisco Giants batting - Pitching for Miami Marlins : LHP Dan Tapley
Batting: LHB Ryan Braden 0-0: SINGLE (Groundball, 15S, EV 69.4 MPH) (infield hit)
Batting: SHB Ryan Doss 0-0: Ball
1-0: Fly out, F4 (Popup, 3, EV 71.9 MPH)
Batting: RHB Nick Rigden 0-0: Swinging Strike
0-1: Grounds into double play, 6-4-3 (Groundball, 6, EV 85.6 MPH)
Bottom of the 7th over - 0 runs, 1 hit, 0 errors, 0 left on base; Miami 0 - San Francisco 5
TOP OF THE 8TH
Miami Marlins batting - Pitching for San Francisco Giants : RHP Johnny Munoz
Batting: LHB Luis Aguilar 0-0: Foul Ball, location: 2F
0-1: Foul Ball, location: 2F
0-2: Strikes out looking
Batting: RHB Eric Jordan 0-0: Called Strike
0-1: Ball
1-1: Swinging Strike
1-2: Foul Ball, location: 2F
1-2: Ball
2-2: Strikes out swinging, 2-3 out at first.
Batting: RHB Jeff Garofalo 0-0: Ball
1-0: Foul Ball, location: 2F
1-1: Ball
2-1: Foul Ball, location: 2F
2-2: Ground out 5-3 (Groundball, 56S, EV 63.1 MPH)
Top of the 8th over - 0 runs, 0 hits, 0 errors, 0 left on base; Miami 0 - San Francisco 5
BOTTOM OF THE 8TH
San Francisco Giants batting - Pitching for Miami Marlins : LHP Dan Tapley
Batting: LHB Jack Henningar 0-0: Ball
1-0: Called Strike
1-1: Ball
2-1: Foul Ball, location: 2F
2-2: Foul Ball, location: 2F
2-2: Strikes out swinging
Batting: LHB Willis Robles 0-0: Ball
1-0: Ball
2-0: Called Strike
2-1: Swinging Strike
2-2: SINGLE (Groundball, 25, EV 89.4 MPH) (infield hit)
Batting: RHB Kanehisa Kubo 0-0: Ball
Willis Robles steals 2nd base
1-0: Ball
2-0: Called Strike
2-1: Ball
3-1: Swinging Strike
3-2: Base on Balls
Batting: RHB Nate Hodson 0-0: Called Strike
0-1: SINGLE (Flyball, 9LM, EV 112.5 MPH)
Willis Robles to third
Kanehisa Kubo to second
Batting: RHB Bobby Scholl 0-0: Ball
1-0: Swinging Strike
1-1: Fly out, F7 (Flyball, 78S, EV 95.6 MPH)
Batting: RHB Itsuo Egami 0-0: Ball
1-0: Called Strike
1-1: Fielders Choice at 2nd, 6-4 (Groundball, 6, EV 78.8 MPH)
Bottom of the 8th over - 0 runs, 2 hits, 0 errors, 3 left on base; Miami 0 - San Francisco 5
TOP OF THE 9TH
Miami Marlins batting - Pitching for San Francisco Giants : RHP Johnny Munoz
Batting: RHB Roger Salazar 0-0: Ball
1-0: Ball
2-0: Foul Ball, location: 2F
2-1: Ball
3-1: Base on Balls
Pitching: LHP Tyler Stancil
Batting: RHB Justin Huff 0-0: Ball
1-0: Ball
2-0: Ball
3-0: Base on Balls
Roger Salazar to second
Pinch Hitting: RHB Micah Christopher 0-0: Swinging Strike
0-1: Swinging Strike
0-2: Ball
1-2: Foul Ball, location: 2F
1-2: Ball
2-2: Strikes out swinging
Batting: RHB Seth Tramontano 0-0: Ball
1-0: Called Strike
1-1: Fly out, F8 (Flyball, 78XD, EV 101.9 MPH)
Batting: RHB Josh Crenwelge 0-0: Ball
1-0: Ball
2-0: Called Strike
2-1: Ball
3-1: Foul Ball, location: 2F
3-2: Strikes out swinging
Top of the 9th over - 0 runs, 0 hits, 0 errors, 2 left on base; Miami 0 - San Francisco 5
Thursday, March 31st , 2022 - OOTP Baseball 22.12 Build 89